 Dungeon Crawl Stone Soup version 0.23.0 (webtiles) character file.

Game seed: 2321628842336059054

107049 McKennaii the Carver (level 15, -9/115 HPs)
             Began as a Demonspawn Fighter on Feb 8, 2019.
             Was a High Priest of Makhleb.
             Killed from afar by Nikola (21 damage)
             ... with a chain lightning
             ... on level 3 of the Swamp.
             The game lasted 01:17:13 (28545 turns).

McKennaii the Carver (Demonspawn Fighter)          Turns: 28545, Time: 01:17:15

Health: -9/115     AC: 30    Str: 22    XL:     15   Next: 99%
Magic:  22/22      EV:  9    Int: 14    God:    Makhleb [*****.]
Gold:   2609       SH: 19    Dex: 23    Spells: 14/14 levels left

rFire    . . .     SeeInvis .   B - +10 falchion of Yesterday {venom, +Blink +Rage}
rCold    + . .     Gourm    .   J - +2 shield
rNeg     . . .     Faith    .   Y - +0 plate armour {rPois}
rPois    +         Spirit   .   O - +0 hat "Pueraj" {+Fly rF- Dex+7}
rElec    .         Reflect  +   z - +0 cloak
rCorr    .         Harm     .   u - +0 pair of gloves {Dex+3}
MR       +....                  (no boots)
Stlth    ..........             G - amulet of Beauty {Reflect Int+4 SH+3}
HPRegen  0.29/turn              F - ring of Robustness {AC+8}
MPRegen  0.18/turn              E - ring of protection from cold

@: no status effects
A: hooves 2, iridescent scales 2, fire resistance 1, low mp 1, nightstalker 1,
flame cloud immunity
a: Minor Destruction, Lesser Servant of Makhleb, Major Destruction, Greater
Servant of Makhleb, Renounce Religion, Evoke Blink, Evoke Berserk Rage, Evoke
Flight


You were on level 3 of the Swamp.
You worshipped Makhleb.
Makhleb was extremely pleased with you.
You were hungry.

You visited 4 branches of the dungeon, and saw 26 of its levels.

You collected 2892 gold pieces.
You spent 283 gold pieces at shops.

Inventory:

Hand Weapons
 B - the +10 falchion of Yesterday (weapon) {venom, +Blink +Rage}
   (You found it on level 6 of the Dungeon)

   It poisons the flesh of those it strikes.
   It lets you blink.
   It lets you go berserk.
 X - a +2 demon blade of freezing
Armour
 u - a +0 pair of gloves of dexterity (worn)
 z - a +0 cloak (worn)
 J - a +2 shield (worn)
 O - the +0 hat "Pueraj" (worn) {+Fly rF- Dex+7}
   (You found it on level 11 of the Dungeon)

   It affects your dexterity (+7).
   It makes you vulnerable to fire.
   It lets you fly.
 Y - a +0 plate armour of poison resistance (worn)
Jewellery
 n - an uncursed ring of poison resistance
 o - an uncursed ring of positive energy
 y - an uncursed ring of ice
 E - a ring of protection from cold (right hand)
 F - the ring of Robustness (left hand) {AC+8}
   (You found it on level 9 of the Dungeon)

   [ring of protection]

   It affects your AC (+8).
 G - the amulet of Beauty (around neck) {Reflect Int+4 SH+3}
   (You found it on level 12 of the Dungeon)

   [amulet of reflection]

   It shields you and reflects attacks.
   It affects your intelligence (+4).
   It affects your SH (+3).
 I - an uncursed ring of see invisible
 T - an uncursed ring of protection from fire
 W - an uncursed ring of flight
Wands
 a - a wand of acid (47)
 s - a wand of paralysis (24)
 t - a wand of flame (56)
 D - a wand of random effects (33)
 M - a wand of digging (11)
 P - a wand of iceblast (20)
 S - a wand of clouds (7)
 Z - a wand of polymorph (8)
Scrolls
 c - 3 scrolls of blinking
 e - 3 scrolls of teleportation
 g - 4 scrolls of amnesia
 h - 9 scrolls of remove curse
 i - 4 scrolls of magic mapping
 j - 6 scrolls of immolation
 l - 8 scrolls of fear
 m - 2 scrolls of identify
 w - 2 scrolls of fog
 C - 3 scrolls of silence {unknown}
 Q - 3 scrolls of enchant weapon {unknown}
 V - a scroll of brand weapon {unknown}
Potions
 b - 11 potions of curing
 d - 2 potions of might
 k - 3 potions of mutation
 p - 3 potions of flight
 q - 2 potions of agility
 r - 2 potions of berserk rage
 v - 5 potions of brilliance
 x - a potion of ambrosia
 A - 5 potions of haste
 H - 3 potions of resistance {unknown}
 K - 6 potions of lignification {unknown}
 L - 2 potions of cancellation
 N - a potion of heal wounds
 U - 2 potions of magic {unknown}
Comestibles
 f - 36 rations


   Skills:
 + Level 10.3 Fighting
 + Level 13.6 Long Blades
 * Level 12.6 Armour
 + Level 2.8 Dodging
 + Level 3.8 Stealth
 + Level 13.5 Shields
 + Level 13.5 Invocations
 + Level 1.1 Evocations


You had 14 spell levels left.
You didn't know any spells.
Your spell library contained the following spells:

 Spells                   Type           Power        Failure   Level  Hunger
 Animate Skeleton         Necr           N/A          98%         1    ##.....
 Apportation              Tloc           #.....       98%         1    ##.....
 Confusing Touch          Hex            #.....       98%         1    ##.....
 Corona                   Hex            #......      98%         1    ##.....
 Freeze                   Ice            #...         98%         1    ##.....
 Summon Small Mammal      Summ           #...         98%         1    ##.....
 Slow                     Hex            #.......     99%         2    ###....
 Throw Frost              Conj/Ice       #.....       99%         2    ###....
 Inner Flame              Hex/Fire       #.......     100%        3    ####...
 Ozocubu's Armour         Chrm/Ice       #.......     100%        3    ####...
 Portal Projectile        Hex/Tloc       #.....       100%        3    ####...
 Recall                   Summ/Tloc      N/A          100%        3    ####...
 Static Discharge         Conj/Air       #.......     100%        3    ####...
 Cause Fear               Hex            #.........   100%        4    #####..
 Leda's Liquefaction      Hex/Erth       #.........   100%        4    #####..
 Summon Ice Beast         Ice/Summ       #.......     100%        4    #####..
 Throw Icicle             Conj/Ice       #.......     100%        4    #####..
 Aura of Abjuration       Summ           #.........   100%        5    ######.
 Irradiate                Conj/Tmut      #.........   100%        5    ######.
 Lightning Bolt           Conj/Air       #.........   100%        5    ######.
 Summon Demon             Summ           #.........   100%        5    ######.
 Summon Forest            Summ/Tloc      #.........   100%        5    ######.
 Summon Mana Viper        Hex/Summ       #.......     100%        5    ######.
 Hydra Form               Tmut           #.........   100%        6    #######
 Shadow Creatures         Summ           N/A          100%        6    #######
 Statue Form              Tmut/Erth      #........    100%        6    #######
 Dragon Form              Tmut           #.........   100%        7    #######
 Ignition                 Fire           #.........   100%        8    #######
 Shatter                  Erth           #.........   100%        9    #######
 Tornado                  Air            #.........   100%        9    #######


Dungeon Overview and Level Annotations

Branches:
Dungeon (15/15)            Temple (0/1) D:6            Lair (6/6) D:9
  Swamp (3/4) Lair:3       Spider (0/4) Lair:2        Slime (0/5) Lair:6
    Orc (2/2) D:11            Elf (0/3) Orc:2        Vaults (0/5) D:13
 Depths (0/5) D:15

Altars:
Dithmenos
Elyvilon
Gozag
Hepliaklqana
Makhleb
Qazlal
Ru
Sif Muna
Trog
Uskayaw
Xom
The Shining One
Beogh

Shops:
D:5 %   D:12 :*   Orc:2 [*:%

Portals:
Pandemonium: Orc:2

Annotations:
Swamp:3 Nikola


Innate Abilities, Weirdness & Mutations

You have hoof-like feet.
You are mostly covered in iridescent scales. (AC +4)
Your flesh is heat resistant. (rF+)
You are slightly more attuned to the shadows.
You are immune to clouds of flame.
Your magical capacity is low. (-10% MP)


Message History

The alligator is severely wounded.
You block the alligator's attack. x2
Your magical contamination has completely faded away.
Unknown command.
You slash the alligator!
You kill the alligator!
Makhleb accepts your kill.
You feel better.
You start resting.
You are feeling hungry.
You start resting.
Nikola is too close now for your liking.
Nikola shouts!
Nikola casts a spell.
You hear a mighty clap of thunder!
The lightning arc hits you!!
The lightning arc hits Nikola.
The lightning arc hits you!!
* * * LOW HITPOINT WARNING * * *
The lightning arc hits Nikola!
The lightning arc hits you!!
You die...

♣ ♣♣≈♣ ♣♣≈≈...♣ ♣♣
♣≈♣♣♣♣♣♣♣♣.≈≈≈♣
♣♣.≈♣♣♣♣♣♣♣.>.♣♣♣..≈≈♣.≈≈
.≈≈≈.†.§≈≈..≈.♣≈≈...≈.≈≈≈
.≈≈≈.†<@.♣≈.≈.....♣♣♣♣.≈≈
♣.≈.≈♣♣≈≈♣≈.≈...≈.♣ ♣♣♣
♣♣♣♣♣ ♣♣♣≈♣...♣♣≈♣♣
♣.≈♣♣♣♣♣♣♣ ♣♣..@≈♣ ♣♣.≈.♣
♣♣♣♣♣


You could see Nikola.

Vanquished Creatures
  Roxanne (Swamp:1)
  Louise (Swamp:2)
  Snorg (Orc:1)
  The ghost of Xerberus86 the Severer, a journeyman DsBe of Trog (D:12)
  A yaktaur captain (D:15)
  7 hydras
  Fannar (Orc:1)
  2 catoblepae
  2 centaur warriors
  8 alligators
  2 tengu warriors (D:15)
  A two-headed ogre (D:9)
  3 orc high priests (Orc:2)
  Urug (Lair:2)
  Nergalle (Lair:1)
  An unseen horror (D:15)
  A gelid demonspawn (Orc:2)
  A wizard (D:13)
  A flayed ghost (D:8)
  An infernal demonspawn (Orc:2)
  3 orc knights
  3 deep elf magi
  4 oklob plants (Lair:5)
  8 orc sorcerers
  10 ugly things
  A wolf spider (Lair:6)
  3 cyclopes
  3 manticores
  6 elephants (Lair:6)
  8 black mambas
  A guardian serpent (Lair:6)
  18 spiny frogs
  5 gargoyles
  A yaktaur (D:15)
  An efreet (D:15)
  4 komodo dragons
  2 kobold demonologists (D:15)
  A red devil (Orc:2)
  A tyrant leech (Swamp:3)
  5 hornets
  13 blink frogs
  4 trolls
  Prince Ribbit (D:8)
  9 hippogriffs
  A blink frog (shapeshifter) (D:13)
  6 dream sheep (Lair:5)
  A ynoxinul (Orc:2)
  A spriggan (Swamp:1)
  4 redbacks
  8 wraiths
  3 hogs (D:7)
  2 vampires
  Grum (D:8)
  17 wyverns
  3 basilisks
  14 fire bats (D:8)
  A hog (shapeshifter) (D:15)
  A human (D:7)
  23 yaks
  5 hungry ghosts
  7 vampire mosquitoes
  2 acid dragons
  14 swamp worms
  A soldier ant (D:13)
  4 insubstantial wisps (Swamp:2)
  13 water moccasins
  20 orc warriors
  5 porcupines
  2 swamp drakes
  A hornet zombie (D:14)
  4 ice beasts
  4 sky beasts
  3 necrophages (D:10)
  4 phantoms
  A black bear (D:6)
  10 wolves
  3 centaurs
  6 ogres
  14 crocodiles
  6 big kobolds
  27 bullfrogs
  A gnoll sergeant (D:9)
  3 wyvern zombies
  A water moccasin skeleton (D:10)
  6 scorpions
  A troll zombie (D:11)
  18 killer bees
  10 wights
  9 howler monkeys
  6 crimson imps
  3 centaur zombies
  3 bullfrog zombies
  2 gnoll shamans
  6 hounds
  20 jellies
  A quasit (D:10)
  21 orc priests
  22 orc wizards
  2 centaur skeletons
  2 iguanas
  12 worker ants
  5 ogre zombies (D:11)
  A hound skeleton (D:5)
  2 worker ant zombies (D:5)
  14 gnolls
  11 adders
  A howler monkey skeleton (D:5)
  2 shadow imps
  A white imp (D:12)
  An ooze (D:4)
  An adder zombie (D:5)
  3 adder skeletons
  3 worms
  8 leopard geckos
  87 orcs
  A ball python (D:7)
  5 giant cockroaches
  7 goblins
  10 hobgoblins
  4 jackals (D:6)
  21 kobolds
  7 quokkas
  93 bats
  3 frilled lizards
  A giant cockroach zombie (D:5)
  6 goblin zombies (D:11)
  A hobgoblin skeleton (D:11)
  2 hobgoblin zombies (D:11)
  A jackal zombie (D:5)
  A leopard gecko zombie (D:6)
  An orc skeleton (D:11)
  9 orc zombies (D:11)
  A quokka zombie (D:5)
  4 rats (D:1)
  A fungus (D:9)
  3 plants
866 creatures vanquished.

Vanquished Creatures (collateral kills)
  Jorgrun (Swamp:2)
  Rupert (Lair:3)
  Frances (Swamp:2)
  Gastronok (D:8)
  An orc warlord (Orc:2)
  5 hydras
  Erica (Orc:1)
  A tengu warrior (D:13)
  3 two-headed ogres
  A skeletal warrior (D:12)
  4 orc knights
  2 ugly things (D:15)
  A wolf spider (Lair:2)
  3 orc sorcerers
  A centaur zombie (D:13)
  A rust devil (Orc:2)
  A spiny frog (Swamp:1)
  An efreet (D:15)
  An ice devil (Orc:2)
  2 trolls
  A jumping spider (Lair:2)
  A bog body (Swamp:1)
  4 blink frogs
  A dream sheep (Lair:5)
  A redback (Lair:2)
  6 yaks
  3 vampire mosquitoes
  2 wargs
  An insubstantial wisp (Swamp:2)
  16 orc warriors
  3 ogres
  A crocodile (Lair:6)
  3 bullfrogs
  2 wights (D:8)
  9 orc priests (Orc:2)
  5 orc wizards
  A shadow imp (D:15)
  18 orcs
  A bat (D:8)
112 creatures vanquished.

Vanquished Creatures (others)
  A cyclops (D:13)
  A spiny frog (Swamp:2)
  A vampire (D:14)
  An orc (Orc:2)
  13 fungi
  17 plants
34 creatures vanquished.

Grand Total: 1012 creatures vanquished

Notes
Turn   | Place    | Note
-------+----------+-------------------------------------------
     0 | D:1      | McKennaii the Demonspawn Fighter began the quest for the
                  | Orb.
     0 | D:1      | Reached XP level 1. HP: 18/18 MP: 1/1
    48 | D:1      | Gained mutation: You have large cloven feet. [demonic
                  | ancestry]
    48 | D:1      | Reached XP level 2. HP: 21/24 MP: 2/2
   434 | D:2      | Gained mutation: You have hoof-like feet. [demonic
                  | ancestry]
   434 | D:2      | Reached XP level 3. HP: 27/29 MP: 3/3
   906 | D:3      | Reached XP level 4. HP: 19/35 MP: 4/4
  1377 | D:3      | Reached skill level 1 in Dodging
  1377 | D:3      | Gained mutation: You are partially covered in iridescent
                  | scales. (AC +2) [demonic ancestry]
  1377 | D:3      | Reached XP level 5. HP: 20/41 MP: 5/5
  1799 | D:4      | Found a sacrificial altar of Ru.
  1814 | D:4      | Noticed an ogre
  1826 | D:4      | Killed an ogre
  1826 | D:4      | Reached XP level 6. HP: 19/48 MP: 6/6
  2259 | D:4      | Found a burning altar of Makhleb.
  2285 | D:4      | Became a worshipper of Makhleb the Destroyer
  2527 | D:5      | Entered Level 5 of the Dungeon
  2548 | D:5      | Noticed a sky beast
  2560 | D:5      | Killed a sky beast
  2560 | D:5      | Reached XP level 7. HP: 48/55 MP: 7/7
  2636 | D:5      | Found a glowing golden altar of the Shining One.
  2790 | D:5      | Found a shadowy altar of Dithmenos.
  2829 | D:5      | Found Yteatsie's Food Boutique.
  3044 | D:5      | Reached skill level 5 in Long Blades
  3341 | D:5      | Reached * piety under Makhleb
  3487 | D:6      | Found a hide-covered altar of Uskayaw.
  3492 | D:6      | Gained mutation: Your flesh is heat resistant. (rF+)
                  | [demonic ancestry]
  3492 | D:6      | Reached XP level 8. HP: 61/61 MP: 8/8
  3837 | D:6      | Found a staircase to the Ecumenical Temple.
  3868 | D:6      | Reached skill level 5 in Fighting
  3868 | D:6      | Reached skill level 1 in Stealth
  4395 | D:6      | Reached skill level 5 in Shields
  4576 | D:6      | Got an encrusted falchion
  4577 | D:6      | Identified the +10 falchion of Yesterday {venom, +Blink
                  | +Rage} (You found it on level 6 of the Dungeon)
  4974 | D:7      | Reached skill level 5 in Armour
  4974 | D:7      | Reached skill level 1 in Evocations
  4974 | D:7      | Reached XP level 9. HP: 35/68 MP: 9/9
  5166 | D:7      | Reached skill level 1 in Invocations
  5473 | D:7      | Reached ** piety under Makhleb
  5829 | D:7      | Reached XP level 10. HP: 73/76 MP: 13/13
  5968 | D:8      | Noticed Gastronok
  6088 | D:8      | Noticed Prince Ribbit
  6107 | D:8      | Killed Prince Ribbit
  6123 | D:8      | Reached skill level 5 in Invocations
  6257 | D:8      | Found a deep blue altar of Sif Muna.
  6271 | D:8      | Found a runed translucent door.
  6293 | D:8      | Found a stormy altar of Qazlal.
  6293 | D:8      | Noticed a flayed ghost
  6326 | D:8      | Found an opulent altar of Gozag.
  6349 | D:8      | Reached *** piety under Makhleb
  6362 | D:8      | Found a bloodstained altar of Trog.
  6377 | D:8      | Found a shimmering altar of Xom.
  6492 | D:8      | Found a hazy altar of Hepliaklqana.
  6539 | D:8      | Reached **** piety under Makhleb
  6827 | D:8      | Reached ***** piety under Makhleb
  6858 | D:8      | Killed Gastronok
  6858 | D:8      | Gained mutation: You are slightly more attuned to the
                  | shadows. [demonic ancestry]
  6858 | D:8      | Reached XP level 11. HP: 49/83 MP: 14/16
  6890 | D:8      | Found a white marble altar of Elyvilon.
  6895 | D:8      | Noticed Grum
  6926 | D:8      | Killed Grum
  7251 | D:9      | Found the ring of Robustness {AC+8}
  7504 | D:9      | Reached skill level 10 in Long Blades
  7530 | D:9      | Noticed a two-headed ogre
  7535 | D:9      | Killed a two-headed ogre
  7697 | D:9      | Found a staircase to the Lair.
  7772 | D:9      | Noticed a cyan ugly thing
  7792 | D:9      | Killed a cyan ugly thing
  7948 | D:9      | Found a deep blue altar of Sif Muna.
  8167 | D:10     | Entered Level 10 of the Dungeon
  8376 | D:10     | HP: 1/84 [gargoyle/+0 mace (11)]
  9301 | D:11     | Found a staircase to the Orcish Mines.
  9323 | D:11     | Reached XP level 12. HP: 92/92 MP: 18/18
  9364 | D:11     | Reached ****** piety under Makhleb
  9765 | D:11     | Got a dazzling hat
  9776 | D:11     | Identified the cursed +0 hat "Pueraj" {+Fly rF- Dex+7} (You
                  | found it on level 11 of the Dungeon)
 10029 | D:12     | Got a transparent pewter amulet
 10030 | D:12     | Identified the amulet of Beauty {Reflect Int+4 SH+3} (You
                  | found it on level 12 of the Dungeon)
 10060 | D:12     | Found Estrergh's Book Shop.
 10212 | D:12     | Found a runed translucent gate.
 10212 | D:12     | Found a runed translucent gate.
 10212 | D:12     | Found a runed translucent gate.
 10214 | D:12     | Found an opulent altar of Gozag.
 10215 | D:12     | Noticed Xerberus86's ghost (journeyman DsBe)
 10216 | D:12     | Noticed a two-headed ogre
 10234 | D:12     | Found Biehox's Assorted Antiques.
 10424 | D:12     | Noticed a four-headed hydra
 10433 | D:12     | Killed a four-headed hydra
 10433 | D:12     | Reached skill level 10 in Invocations
 10693 | D:13     | Noticed an eight-headed hydra
 10713 | D:13     | Killed a nine-headed hydra
 10722 | D:13     | You fall through a shaft!
 10925 | D:14     | Reached skill level 10 in Shields
 11330 | D:13     | Noticed a centaur warrior
 11340 | D:13     | Killed a centaur warrior
 11404 | D:13     | Noticed a catoblepas
 11428 | D:13     | Killed a catoblepas
 11454 | D:13     | Noticed a tengu warrior
 11463 | D:13     | Killed a tengu warrior
 11482 | D:13     | Noticed a two-headed ogre
 11482 | D:13     | Noticed a two-headed ogre
 11487 | D:13     | Killed a two-headed ogre
 11491 | D:13     | Killed a two-headed ogre
 11577 | D:13     | Reached XP level 13. HP: 99/99 MP: 21/21
 11653 | D:13     | Found a gate to the Vaults.
 12393 | D:13     | Identified the cursed +0 buckler of Nyshouf {-Cast Regen+
                  | Dex+7} (You found it on level 13 of the Dungeon)
 12430 | D:15     | Entered Level 15 of the Dungeon
 13397 | D:15     | Found a staircase to the Depths.
 14420 | D:12     | Killed Xerberus86's ghost
 14755 | D:12     | Bought a red potion for 26 gold pieces
 14755 | D:12     | Bought an ivory ring for 145 gold pieces
 14846 | Lair:1   | Entered Level 1 of the Lair of Beasts
 15099 | Lair:1   | Noticed Nergalle
 15112 | Lair:1   | Gained mutation: You are mostly covered in iridescent
                  | scales. (AC +4) [demonic ancestry]
 15112 | Lair:1   | Reached XP level 14. HP: 108/108 MP: 22/22
 15125 | Lair:1   | Killed Nergalle
 15485 | Lair:2   | Reached skill level 10 in Armour
 15879 | Lair:2   | Noticed Urug
 15885 | Lair:2   | Killed Urug
 16117 | Lair:2   | Found a hole to the Spider Nest.
 16325 | Lair:3   | Found a staircase to the Swamp.
 16401 | Lair:3   | Noticed Rupert
 16404 | Lair:3   | Paralysed by Rupert for 2 turns
 16408 | Lair:3   | Paralysed by Rupert for 2 turns
 16412 | Lair:3   | Noticed a cacodemon
 16414 | Lair:3   | Gained mutation: Your magical capacity is low. (-10% MP) [a
                  | cacodemon]
 16574 | Lair:3   | Killed Rupert
 19958 | Lair:6   | Entered Level 6 of the Lair of Beasts
 20338 | Lair:6   | Found a staircase to the Slime Pits.
 21596 | Lair:6   | Gained mutation: You are immune to clouds of flame.
                  | [demonic ancestry]
 21596 | Lair:6   | Reached XP level 15. HP: 112/115 MP: 22/22
 21888 | Orc:1    | Entered Level 1 of the Orcish Mines
 21889 | Orc:1    | Noticed Fannar
 21903 | Orc:1    | Killed Fannar
 22077 | Orc:1    | Noticed Snorg
 22082 | Orc:1    | Noticed Erica
 22094 | Orc:1    | Killed Erica
 22098 | Orc:1    | Killed Snorg
 22416 | Orc:2    | Entered Level 2 of the Orcish Mines
 22417 | Orc:2    | Noticed an orc warlord
 22430 | Orc:2    | Killed an orc warlord
 22663 | Orc:2    | Found Worypny's General Store.
 22670 | Orc:2    | Found Evvutimus's Food Shop.
 22752 | Orc:2    | Bought a scroll of blinking for 112 gold pieces
 22950 | Orc:2    | Paralysed by an orc sorcerer for 5 turns
 22982 | Orc:2    | Reached skill level 10 in Fighting
 23369 | Orc:2    | Found a staircase to the Elven Halls.
 23502 | Orc:2    | Found a roughly hewn altar of Beogh.
 23574 | Orc:2    | Paralysed by an orc sorcerer for 4 turns
 24018 | Orc:2    | Found Tisk's Book Emporium.
 24018 | Orc:2    | Found Roylihal's Antique Armour Shoppe.
 24018 | Orc:2    | Found a one-way gate leading to the halls of Pandemonium.
 24654 | Swamp:1  | Entered Level 1 of the Swamp
 25462 | Swamp:1  | You fall through a shaft!
 25959 | Swamp:2  | Noticed Louise
 25969 | Swamp:2  | Killed Louise
 26073 | Swamp:2  | Noticed Jorgrun
 26078 | Swamp:2  | Killed Jorgrun
 26103 | Swamp:2  | Noticed Frances
 26356 | Swamp:2  | Killed Frances
 26831 | Swamp:1  | Identified Roxanne's Compendium of Earth
 26831 | Swamp:1  | Noticed Roxanne
 27771 | Swamp:1  | Killed Roxanne
 28426 | Swamp:3  | Noticed Nikola
 28545 | Swamp:3  | Killed from afar by Nikola

Skill      XL: |  1  2  3  4  5  6  7  8  9 10 11 12 13 14 15 |
---------------+----------------------------------------------+-----
Shields        | 3 4 5 6 7 9 10 11 12 13 | 13.5
Long Blades    | 2 3 4 5 7 8 9 10 11 12 13 | 13.6
Armour         | 3 4 5 6 7 8 9 11 12 | 12.6
Dodging        | 1 2 |  2.8
Fighting       | 4 5 6 7 8 9 10 | 10.3
Stealth        | 1 2 3 |  3.8
Evocations     | 1 |  1.1
Invocations    | 4 6 9 11 12 13 | 13.5

Action                   |  1- 3 |  4- 6 |  7- 9 | 10-12 | 13-15 || total
-------------------------+-------+-------+-------+-------+-------++-------
Melee: Long sword        |   109 |   150 |   174 |       |       ||   433
       Kick              |    22 |    52 |    99 |   328 |   830 ||  1331
       Falchion          |       |       |   119 |   912 |  1514 ||  2545
Invok: Lesser Servant of |       |       |       |     6 |    11 ||    17
       Minor Destruction |       |       |       |    14 |    48 ||    62
       Major Destruction |       |       |       |     4 |     3 ||     7
       Greater Servant o |       |       |       |     1 |    17 ||    18
 Abil: Evoke Blink       |       |       |     1 |       |     2 ||     3
Evoke: Wand              |       |       |     9 |       |     1 ||    10
  Use: Scroll            |       |       |     2 |    12 |    18 ||    32
       Potion            |       |       |     2 |     1 |     2 ||     5
 Stab: Paralysed         |       |       |     5 |       |       ||     5
       Distracted        |       |       |       |     2 |     7 ||     9
       Petrified         |       |       |       |     7 |       ||     7
  Eat: Chunk             |       |     2 |     7 |    22 |    34 ||    65
       Ration            |       |     1 |     1 |     1 |     6 ||     9
Armor: Scale mail        |    69 |    64 |    52 |       |       ||   185
       Plate armour      |       |       |   109 |   534 |   717 ||  1360
Dodge: Dodged            |    40 |    34 |    63 |   288 |   307 ||   732
Block: Shield            |    61 |    74 |   140 |   684 |  1339 ||  2298
       Reflection        |       |       |       |     6 |    54 ||    60
       Rpst.: Long sword |    12 |     9 |    16 |       |       ||    37
       Falchion          |       |       |     8 |    74 |    74 ||   156
